nyob, lawful female human Valkyrie }}}}}}}}}}}}}}}}}}}}}}}}}}}}}}}}}}}}}}}}}}}}}}}}}}}}}}}}}}}}}}}}}}}}}}}}}}} }}}}}}}}}}}}}}}}}}}}.}}}}}}}}}}}}}}}}}}}}}}}}}}}}}}}}}}}}}}}}}}}}}}}}}}}}}} }}.}}}}}..}}}}}......}}}}}}}}}}}}}}}}}}}}}}}}}}}}}}}}}}}}}}}....}}}...}}}}} }...}}.....}}}}}....}}}}}}}}}}}}}}}}}}}}}}}}}}}}}}}}}}}}}}}[..`.`?........} }....}}}}}}}}}}...(}.}[.}}}}}}}}}}}...^..`}}}}}}}}}}}}}}}}..}}.....}}}...}} }....}}}}}}}}!....}}}...}}}}}}.o...............}}}}}}}}}}}.}}}}.....}}...}} }....}}}}}}}}}}.}.}}}}.}}}}}}o----------------- }}}}}}}}}}}}}.........} }....}}}}}}}}}.}}}}}}}}.}}}...| S }}}}}}....}} }.....}.......}}}}}}}}}..}N...----- } }......}}}}..}}}}}}}}}}}}d`u.m....| }.....}}}}}}}}}}}}}}}}}}}}.T.do)..| }.....}}}}}}}}}}}}}}}}}}}}.@T.----- }......}}}}}}}}}}}}}}}}}}}}.o.| }.......}}}}}}}..}}}}}}}}}}}}.----------------- }....<...}}.}}.^..}}}}}}}}}}}}.................}}}}}..}}}}}}}}}.......}}}}} }.......}}}}}}}`.....}}}}}}}}}}}}}}.......}}}}}}}}}....`}}}}}}...}}..}}}}}} }.....}}}}}}}}}}}.....}}}}}}}}}}}}}}}}}}}}}}.}}}}}}}..}}}}}}}}}}....}}}}}}} }}..}}}}}}}}}}}}}....}}}}}}}}}}}}}}}}}}}}}}...}}..}}}}}}}.}}.}}}}..}}}}}}}} }}}}}}}}}}}}}}}}}}}}}}}}}}}}}}}}}}}}}}}}}}}}}}}}}}}}}}}}}}}}}}}}}}}}}}}}}}} }}}}}}}}}}}}}}}}}}}}}}}}}}}}}}}}}}}}}}}}}}}}}}}}}}}}}}}}}}}}}}}}}}}}}}}}}}} nyob the Woman-at-arms Experience level: 11 Strength: 18/07 Dexterity: 17 Constitution: 18 Intelligence: 11 Wisdom: 13 Charisma: 10 Health: 0(97) Energy: 45(45) Def: 13 Gold: 54 Moves: 18144 Dungeon seed: aw00vjJeFNMG-gEe Game ID: nyob_1523306746 Your Inventory: Coins $ - 54 gold pieces Amulets R - an uncursed amulet of ESP named ESP (being worn) Weapons a - the blessed rustproof +1 Excalibur (weapon in hand) j - 5 +0 daggers (in quiver) U - a +1 long sword Armor e - a blessed +3 small shield (being worn) n - an uncursed +0 cloak of displacement (being worn) q - an uncursed -1 dwarvish iron helm (being worn) y - an uncursed +0 dwarvish mithril-coat (being worn) z - an uncursed +0 pair of water walking boots (being worn) Scrolls p - an uncursed scroll of teleportation Rings J - a blessed +2 ring of increase accuracy (on right hand) O - an uncursed ring of poison resistance (on left hand) Wands c - a wand of magic missile (0:2) r - a wand of cancellation named direction-nothing (0:4) x - a wand of cold (0:2) Q - a wand of teleportation named teleporation (0:5) T - a wand of undead turning named direction-nothing (0:7) Tools h - a +0 unicorn horn s - an uncursed bag of holding named holding X - an uncursed pair of lenses (being worn) Gems w - an uncursed touchstone Z - an uncursed luckstone Contents of the bag of holding named holding: 10408 gold pieces the rustproof +0 Mjollnir a +0 long sword an uncursed clove of garlic an uncursed cram ration an uncursed eucalyptus leaf 13 uncursed food rations 2 uncursed lembas wafers an uncursed sprig of wolfsbane 6 uncursed tripe rations 4 uncursed scrolls of blank paper a cursed scroll of blank paper an uncursed scroll of charging an uncursed scroll of confuse monster an uncursed scroll of create monster an uncursed scroll of earth named earth an uncursed scroll of genocide an uncursed scroll of magic mapping a blessed scroll of remove curse an uncursed scroll of remove curse a cursed scroll of teleportation an uncursed potion of levitation a potion of unholy water 2 uncursed potions of water an uncursed ring of cold resistance an uncursed ring of fire resistance a cursed ring of polymorph an uncursed ring of sustain ability a wand of create monster (0:12) a wand of digging (0:6) a wand of lightning (0:7) a wand of magic missile (0:5) a wand of probing (0:6) a wand of sleep (0:5) a wand of striking (0:4) a wand of striking (0:2) an uncursed blindfold an uncursed lock pick an uncursed mirror a blessed oil lamp (0:1286) an uncursed skeleton key 3 uncursed amethyst stones an uncursed aquamarine stone 2 uncursed emeralds an uncursed fluorite stone 4 uncursed topaz stones an uncursed turquoise stone 9 uncursed worthless pieces of black glass 4 uncursed worthless pieces of blue glass 8 uncursed worthless pieces of green glass 9 uncursed worthless pieces of orange glass 5 uncursed worthless pieces of red glass 6 uncursed worthless pieces of violet glass 4 uncursed worthless pieces of white glass 5 uncursed worthless pieces of yellow glass 9 uncursed worthless pieces of yellowish brown glass Spells and supernatural/magical abilities: Name Level Category Fail Memory W - pray for help -- divine ? -- Your skills at the end: Fighting Skills Weapon Skills dagger [Skilled] long sword [Expert] Spellcasting Skills Final Attributes: You were piously aligned. You were cold resistant. You were poison resistant. You were level-drain resistant. You were telepathic. You had automatic searching. You were displaced. You were stealthy. You could walk on water. You had a +2 bonus to hit. You were fast. You were extremely lucky. You had extra luck. Bad luck did not time out for you. Good luck did not time out for you. You are dead. Vanquished creatures: 2 titanotheres a vampire lord 2 ghosts a winged gargoyle 3 giant mimics a fire giant an ogre king an ice troll an umber hulk a flesh golem a doppelganger 4 large mimics a long worm 3 stalkers an air elemental a fire elemental 2 hill giants a giant zombie a warg 9 small mimics a glass piercer 3 xans 2 ettin mummies 2 ogre lords 10 trolls an erinys a gelatinous cube 2 freezing spheres 3 shocking spheres a large cat a gargoyle an ochre jelly 5 leocrottas an energy vortex 2 mountain centaurs 2 pit vipers a python a wraith 2 carnivorous apes a Grey-elf a chameleon a crocodile 2 giant beetles a quivering blob a cockatrice 3 wolves a winter wolf cub a gremlin 2 leprechauns an orc-captain a giant spider a scorpion 2 horses an ice vortex 3 black lights a vampire bat 3 forest centaurs 4 gnome kings 2 orc mummies 2 rust monsters 5 owlbears 2 yetis a gold golem 5 Green-elves 4 lizards 2 dingos a blue jelly a gray unicorn a dust vortex 6 plains centaurs 3 gnome mummies 3 human zombies a rope golem a Woodland-elf a soldier ant 25 fire ants 21 bugbears an imp 2 quasits 6 wood nymphs 2 water nymphs a mountain nymph a Mordor orc 4 Uruk-hai 3 orc shamans 2 rock piercers a rock mole a pony 2 fog clouds a yellow light 3 shriekers 2 violet fungi 23 gnome lords 8 gnomish wizards 2 kobold mummies 2 red naga hatchlings a guardian naga hatchling 2 gray oozes a barrow wight 4 elf zombies a ghoul a straw golem a paper golem 11 giant ants 4 little dogs 4 floating eyes 3 kittens 6 dwarves 3 homunculi 2 kobold lords a kobold shaman 20 hill orcs 18 rothes 2 rabid rats a centipede 2 giant bats 2 monkeys 13 dwarf zombies a wererat a werejackal 6 iguanas 4 killer bees 8 acid blobs a coyote 3 gas spores 2 hobbits 23 manes 4 large kobolds 16 hobgoblins 5 giant rats 6 cave spiders 2 brown molds 2 yellow molds 4 green molds 78 gnomes 17 garter snakes a gnome zombie 4 geckos 16 jackals 4 foxes 6 kobolds 8 goblins 11 sewer rats 10 grid bugs 3 bats 5 lichens 2 kobold zombies 8 newts 629 creatures vanquished. Voluntary challenges: You had been an atheist until turn 3445. You used a wielded weapon 772 times, starting on turn 80. You read items or engraved 14 times, starting on turn 3472. You never genocided any monsters. You never polymorphed an object. You never changed form. You used no wishes. You never split a pudding. You wrote Elbereth's name 1 time, starting on turn 17509. You violated your moral code, losing 15 points of alignment, starting on turn 552. Dungeon overview: The Dungeons of Doom: levels 1 to 23 Level 1 a long staircase Level 2 Level 3 Level 4 stairs to The Gnomish Mines Level 5 many fountains Level 6 a wand shop stairs to Sokoban Level 7 some fountains, a sink Level 8 a general store, some fountains Level 9 Level 10 a general store, a sink Level 11 some fountains Level 12 portal to The Quest Level 13 a throne Level 14 a throne Level 15 Level 16 Level 17 an altar to Loki Level 18 an altar to Tyr, a fountain Level 19 an armor shop Level 20 a throne Level 21 a fountain Level 22 an armor shop, a fountain Level 23 <- You were here The Gnomish Mines: levels 5 to 13 Level 5 stairs to The Dungeons of Doom Level 6 Level 7 many shops, a temple to Tyr, some fountains, some trees Level 8 Level 9 Level 10 Level 11 Level 12 Level 13 The Quest: Level 1 a fountain portal to The Dungeons of Doom Sokoban: levels 2 to 5 Level 2 Level 3 Level 4 Level 5 stairs to The Dungeons of Doom History has recorded: On T:1 you entered the Dungeons of Doom to retrieve the Amulet of Yendor! On T:204 you reached level 2 of The Dungeons of Doom. On T:369 you reached level 3 of The Dungeons of Doom. On T:552 you advanced to experience level 2. On T:552 you advanced to experience level 3. On T:670 you reached level 4 of The Dungeons of Doom. On T:931 you advanced to experience level 4. On T:997 you reached level 5 of The Dungeons of Doom. On T:1149 you advanced to experience level 5. On T:1937 you reached level 1 of The Gnomish Mines. On T:2076 you advanced to experience level 6. On T:2439 you reached level 2 of The Gnomish Mines. On T:2812 you advanced to experience level 7. On T:3157 you reached level 3 of The Gnomish Mines. On T:3668 you reached level 4 of The Gnomish Mines. On T:3716 you advanced to experience level 8. On T:4028 you reached level 5 of The Gnomish Mines. On T:4178 you reached level 7 of The Gnomish Mines. On T:4601 you reached level 6 of The Gnomish Mines. On T:5043 you reached level 8 of The Gnomish Mines. On T:5390 you reached level 9 of The Gnomish Mines. On T:5650 you advanced to experience level 9. On T:7248 you reached level 6 of The Dungeons of Doom. On T:7273 you reached level 4 of Sokoban. On T:7666 you reached level 3 of Sokoban. On T:8523 you reached level 2 of Sokoban. On T:8938 you reached level 1 of Sokoban. On T:10437 you received advice from The Oracle. On T:10884 you reached level 7 of The Dungeons of Doom. On T:11175 you reached level 8 of The Dungeons of Doom. On T:11510 you reached level 9 of The Dungeons of Doom. On T:11734 you reached level 10 of The Dungeons of Doom. On T:11902 you advanced to experience level 10. On T:12231 you reached level 12 of The Dungeons of Doom. On T:12376 you reached level 14 of The Dungeons of Doom. On T:12450 you reached level 13 of The Dungeons of Doom. On T:12603 you reached level 11 of The Dungeons of Doom. On T:13225 you reached level 1 of The Quest. On T:14444 you reached level 15 of The Dungeons of Doom. On T:14812 you reached level 16 of The Dungeons of Doom. On T:15176 you advanced to experience level 11. On T:15405 you reached level 17 of The Dungeons of Doom. On T:15821 you reached level 18 of The Dungeons of Doom. On T:16190 you reached level 19 of The Dungeons of Doom. On T:16288 you received Mjollnir from Tyr. On T:16761 you reached level 20 of The Dungeons of Doom. On T:17171 you reached level 21 of The Dungeons of Doom. On T:17649 you reached level 22 of The Dungeons of Doom. On T:18101 you reached level 23 of The Dungeons of Doom. Score breakdown: Gold: 10462 (13673 points) Experience: 11 levels (17616 points) Exploration: 23 levels ( 47.92%) (20525 points) Discoveries: 43 items ( 17.48%) (12542 points) Valuables value: (no points given unless you survive) Artifact value: 4000 (12253 points) Variety of kills: 148 monsters ( 38.85%) (18697 points) Turncount: 18144 turns (-3258 points) Survival: died (score multiplied by 80%) Total score: 73638 Latest messages: You hit the water troll! The hill orc misses stupid5. The water troll hits! (2x) The water troll bites! Stupid5 eats a hill orc corpse. You hit the water troll! The water troll picks up an orcish helm. The water troll puts on an orcish helm. The water troll hits! (2x) The water troll bites! You hit the water troll! (2x) Stupid5 bites the hill orc. The hill orc misses stupid5. The water troll thrusts her partisan. The water troll hits! (2x) The water troll bites! The water troll hits! (2x) The water troll bites! A mysterious force prevents you from teleporting! Stupid5 misses the hill orc. The hill orc misses stupid5. The water troll thrusts her partisan. The water troll hits! (2x) You die... Final status: Farvel nyob the Valkyrie, killed by a water troll... You died in The Dungeons of Doom on dungeon level 23 with 73638 points, and 10462 pieces of gold, after 18144 moves. You were level 11 with a maximum of 97 hit points when you died.